 Dungeon Crawl Stone Soup version 0.31-a0-4-gefa6de2278 (webtiles) character file.

Game seed: 14845932190352323171

65 mopl the Chopper (level 4, -4/33 HPs)
             Began as a Formicid Warper on May 4, 2023.
             Slain by a hobgoblin
             ... wielding a +0 dagger
             ... led by Robin
              (6 damage)
             ... on level 2 of the Dungeon.
             The game lasted 00:01:46 (1238 turns).

mopl the Chopper (Formicid Warper)                  Turns: 1238, Time: 00:01:46

Health: -4/33      AC:  5    Str: 15    XL:     4   Next: 34%
Magic:  7/7        EV: 11    Int: 15    God:
Gold:   65         SH:  0    Dex: 13    Spells: 5/7 levels left

rFire   . . .        r - +0 mace (venom)
rCold   . . .        (no shield)
rNeg    . . .        l - +0 ring mail
rPois   .            (helmet unavailable)
rElec   .            (no cloak)
rCorr   .            (no gloves)
SInv    +            (no boots)
Will    .....        (no amulet)
Stlth   +            (no ring)
HPRegen 0.25/turn    (no ring)
MPRegen 0.10/turn

%: no passive effects
@: no status effects
A: permanent stasis, dig shafts and tunnels, antennae 3, four strong arms
a: Dig, Shaft Self


You were on level 2 of the Dungeon.
You visited 1 branch of the dungeon, and saw 2 of its levels.

You collected 65 gold pieces.

Inventory:

Hand Weapons
 a - a +0 hand axe
 r - a +0 mace of venom (weapon)
Missiles
 d - 7 boomerangs of dispersal (quivered)
 i - 3 poisoned darts
Armour
 l - a +0 ring mail (worn)
Magical Staves
 q - a staff of poison
Scrolls
 b - a scroll of teleportation {unknown}
 c - a scroll of blinking
 e - a scroll of vulnerability {unknown}
 g - a scroll of magic mapping {unknown}
 h - 2 scrolls of identify {unknown}
 k - a scroll of poison {unknown}
 n - 2 scrolls of enchant weapon {unknown}
 p - a scroll of acquirement {unknown}
 s - a scroll of fog {unknown}
Potions
 f - a potion of haste {unknown}
 j - a potion of brilliance {unknown}
 m - 2 potions of flight {unknown}
 o - a potion of curing {unknown}


   Skills:
 - Level 2.1 Fighting
 * Level 3.7 Axes
 - Level 1.0 Throwing
 - Level 1.1 Armour
 - Level 1.7 Dodging
 - Level 2.1 Spellcasting
 + Level 3.3 Translocations


You had 5 spell levels left.
You knew the following spells:

 Your Spells              Type           Power      Damage    Failure   Level
b - Lesser Beckoning      Tloc           22%        N/A       17%         2

Your spell library contained the following spells:

 Spells                   Type           Power      Damage    Failure   Level
 Teleport Other           Tloc           11%        N/A       32%         3
 Sublimation of Blood     Necr           1%         N/A       54%         2
 Manifold Assault         Tloc           11%        N/A       73%         4
 Petrify                  Tmut/Erth      1%         N/A       99%         4
 Irradiate                Conj/Tmut      0%         3d11      100%        5
 Blink                    Tloc           Unusable   N/A       N/A         2
 Vhi's Electric Charge    Tloc/Air       Unusable   N/A       N/A         3

Dungeon Overview and Level Annotations

Branches:
Dungeon (2/15)

Altars:

Annotations:
D:2 Robin


Innate Abilities, Weirdness & Mutations

You cannot be hasted, slowed, berserked, paralysed or teleported.
You can dig through walls and to a lower floor.
You have a pair of large antennae on your head. (SInv)
Your four strong arms can wield two-handed weapons with a shield.


Message History

The goblin is heavily wounded.
A goblin comes into view. It is wielding a +0 club.
The goblin barely misses you. The goblin hits you but does no damage.
You hit the goblin.
You kill the goblin!
A goblin comes into view. It is wielding a +0 club.
The goblin closely misses you.
A goblin comes into view. It is wielding a +0 dagger.
Robin throws the goblin at you!
You closely miss the hobgoblin.
The hobgoblin hits you with a +0 dagger.
The goblin hits you with a +0 club.
A goblin comes into view. It is wielding a +0 dagger.
The goblin hits you but does no damage.
A goblin comes into view. It is wielding a +0 club.
The goblin hits you with a +0 club.
Robin roars a battlecry!
The goblins go into a battle-frenzy!
The hobgoblin hits you with a +0 dagger.
The goblin hits you but does no damage.
You hear a shout!
You barely miss the hobgoblin.
The hobgoblin hits you with a +0 dagger.
The goblin hits you but does no damage. Robin throws the goblin at you!
The goblin hits you with a +0 club.
You are too injured to fight recklessly!
Unknown command.
You completely miss the goblin. The goblin closely misses you.
The hobgoblin misses you. The goblin hits you with a +0 dagger.
A goblin comes into view.
It is wielding a +0 dagger and quivering poisoned darts.
The goblin hits you but does no damage.
You closely miss the goblin.
The hobgoblin hits you but does no damage.
The goblin hits you but does no damage. The goblin hits you with a +0 dagger.
The goblin hits you with a +0 club.
* * * LOW HITPOINT WARNING * * *
The goblin closely misses you. The goblin hits you with a +0 club.
* * * LOW HITPOINT WARNING * * *
The hobgoblin hits you with a +0 dagger.
You die...

........####.#.###..
...................
##.....#######.##..
####......# #.##..
.g........# #.#### .
{..#.#..#######.#
...{{{..............####
....g###g##...>.........
....grg@g....######..###
....gg##g###...# ##.#
..... #.# ###.#####.###
.... ... #....>..... ###
....# ##......... ##...#
#.....).... #...#
#...<...... #...#
#.......... #..........


You could see Robin, 2 hobgoblins, 5 goblins and a rat.

Vanquished Creatures
  An adder (D:2)
  A dart slug (D:1)
  3 bats
  6 endoplasms
  3 giant cockroaches
  5 goblins
  3 hobgoblins (D:1)
  5 jackals
  5 kobolds
  3 quokkas
  8 ball pythons
  5 rats
48 creatures vanquished.

Notes
Turn   | Place    | Note
-------+----------+-------------------------------------------
     0 | D:1      | mopl the Formicid Warper began the quest for the Orb.
     0 | D:1      | Reached XP level 1. HP: 16/16 MP: 3/3
    82 | D:1      | Reached XP level 2. HP: 12/22 MP: 5/5
   277 | D:1      | Reached skill level 3 in Translocations
   466 | D:1      | Reached XP level 3. HP: 25/27 MP: 6/6
   492 | D:1      | Reached skill level 3 in Axes
   605 | D:1      | Learned a level 2 spell: Lesser Beckoning
   988 | D:2      | Reached XP level 4. HP: 33/33 MP: 7/7
  1231 | D:2      | Noticed Robin
  1238 | D:2      | Slain by a hobgoblin

Illustrated notes

Levels and vault maps discovered:
D:1:      dpeg_arrival_rooms_with_view, layout_loops_ring
D:2:      layout_rooms, basic_altar, uniq_robin, uniq_sigmund

Skill      XL: |  1  2  3 |
---------------+----------+-----
Translocations | 3 |  3.3
Axes           | 3 |  3.7
Fighting       | |  2.1
Throwing       | |  1.0
Armour         | |  1.1
Dodging        | |  1.7
Spellcasting   | |  2.1

Action                     |  1- 3 |  4- 6 || total
---------------------------+-------+-------++-------
  Melee: Hand axe          |   120 |    33 ||   153
         Punch             |     1 |       ||     1
         Mace              |       |     7 ||     7
 Armour: Leather armour    |    19 |       ||    19
         Ring mail         |     5 |    21 ||    26
  Dodge: Dodged            |    76 |    34 ||   110

Table legend: (Time is in decaauts)
 A = Elapsed time spent in this place.
 B = Non-inter-level travel time spent in this place.
 C = Inter-level travel time spent in this place.
 D = Time resting spent in this place.
 E = Time spent auto-exploring this place.
 F = Levels seen in this place.
 G = Mean time per level.
                   A        B        C        D        E       F      G
               +--------+--------+--------+--------+--------+-----+--------+
         Total |   1263 |   1206 |     57 |    235 |    611 |   2 |  631.5 |
       Dungeon |   1263 |   1206 |     57 |    235 |    611 |   2 |  631.5 |
               +--------+--------+--------+--------+--------+-----+--------+

Top non-repeatable levels by time:
     D:1: 954 daAuts
     D:2: 308 daAuts
